 Dungeon Crawl Stone Soup version 0.30.0-20-g3615ddf2f0 (webtiles) character file.

Game seed: 2045529018284502297

390 qw the Chopper (level 6, -1/38 HPs)
             Began as a Gargoyle Fighter on May 31, 2023.
             Slain by an ogre
             ... wielding a +0 giant club
              (14 damage)
             ... on level 5 of the Dungeon.
             The game lasted 00:01:18 (2894 turns).

qw the Chopper (Gargoyle Fighter)                   Turns: 2894, Time: 00:01:18

Health: -1/38      AC: 11    Str: 21    XL:     6   Next: 80%
Magic:  6/6        EV:  8    Int:  9    God:
Gold:   301        SH: 10    Dex:  9    Spells: 5/5 levels left

rFire   . . .        Y - +0 war axe
rCold   + . .        i - +2 kite shield
rNeg    + . .        b - +0 scale mail
rPois   inf          (no helmet)
rElec   +            (no cloak)
rCorr   .            (no gloves)
SInv    .            (no boots)
Will    .....        (no amulet) Stlth
                     g - ring of protection from cold
HPRegen 0.26/turn    (no ring)
MPRegen 0.10/turn

%: no passive effects
@: no status effects
A: sickness immunity, AC +4, negative energy resistance 1, electricity
resistance, torment resistance 1, petrification resistance
a: no special abilities


You were on level 5 of the Dungeon.
You visited 2 branches of the dungeon, and saw 6 of its levels.

You collected 301 gold pieces.


Innate Abilities, Weirdness & Mutations

You are immune to sickness and miasma.
Your stone body is resilient. (AC +4)
You are immune to poison.
You resist negative energy. (rN+)
You are resistant to electric shocks. (rElec)
You are resistant to unholy torment.
You are immune to petrification.


   Skills:
 + Level 3.7 Fighting
 - Level 5.3 Axes
 - Level 3.2 Armour
 - Level 5.0 Shields


You had 5 spell levels left.
You didn't know any spells.
Your spell library was empty.

Inventory:

Hand Weapons
 r - a +0 mace
 Y - a +0 war axe (weapon)
Armour
 a - the +0 pair of gloves "Tuegez" {rC+ Str+2}
   (You found it on level 4 of the Dungeon)

   Str:       It affects your strength (+2).
   rC:        It protects you from cold.
 b - a +0 scale mail (worn)
 i - a +2 kite shield (worn)
Jewellery
 g - a ring of protection from cold (left hand)
Scrolls
 h - a scroll of fog {unknown}
Potions
 c - a potion of haste {unknown}
 d - a potion of might
 e - 4 potions of curing
 f - a potion of magic {unknown}
 j - a potion of attraction {unknown}
 k - a potion of berserk rage {unknown}
 m - a potion of mutation {unknown}
 n - a potion of cancellation
 o - a potion of heal wounds {unknown}
 p - a potion of invisibility {unknown}

Dungeon Overview and Level Annotations

Branches:
Dungeon (4/15)             Temple (1/1) D:4

Altars:
Ashenzari
Elyvilon
Fedhas
Gozag
Hepliaklqana
Kikubaaqudgha
Ru
Sif Muna
Trog
Uskayaw
Vehumet
Wu Jian
Yredelemnul
Zin
The Shining One

Shops:
D:1 *


Message History

Enter note:
Enter note:
Enter note:
Found an escape hatch in the floor.
Enter note:
Enter note:
Enter note:
Enter note:
Enter note:
Enter note: A sourceless malevolence fills the Dungeon...
You fall into a shaft and drop 1 floor!
The shaft crumbles and collapses.
Found 5 poisoned darts.
Waypoint 5 assigned to D:5.
You now have 301 gold pieces (gained 20).
An orc comes into view. It is wielding a +0 club.
You hit the orc.
The orc is heavily wounded.
The orc closely misses you.
You slash the orc!
You kill the orc!
Things that are here:
a +0 club; an orc corpse An ogre comes into view.
It is wielding a +0 giant club.
The ogre shouts!
You barely miss the ogre. You block the ogre's attack.
You hit the ogre.
The ogre is lightly wounded.
The ogre hits you with a +0 giant club!
You hit the ogre.
The ogre is moderately wounded.
The ogre hits you with a +0 giant club!
You slash the ogre!
The ogre is heavily wounded.
You block the ogre's attack.
You hit the ogre.
The ogre is severely wounded.
The ogre hits you with a +0 giant club!
You die...

#. ###. ###...
####.....
###........
####..........
###.......#...##
####.)..##.......##
#.@..######.....###
#...O#### ##...##
##..# #.(.# #...
#..## #.. #..# ##.
## #


You could see an ogre.

Vanquished Creatures
  A black bear (D:4)
  An ogre (D:3)
  A phantom (D:4)
  A hound (D:4)
  An iguana (D:4)
  4 adders
  A worm (D:3)
  2 orcs
  6 ball pythons
  2 endoplasms
  3 giant cockroaches
  5 goblins
  2 hobgoblins
  2 jackals (D:1)
  4 quokkas
  A bat (D:1)
  5 frilled lizards
  5 kobolds
  3 rats
  A spectral goblin (D:2)
51 creatures vanquished.

Notes
Turn   | Place    | Note
-------+----------+-------------------------------------------
     0 | D:1      | qw the Gargoyle Fighter began the quest for the Orb.
     0 | D:1      | Reached XP level 1. HP: 14/14 MP: 1/1
     0 | D:1      | 0 ||| qw: Version: 0.2-a-102-gfc559e5
     0 | D:1      | 0 ||| qw: Game counter: 530
     0 | D:1      | 0 ||| qw: Always use a shield: true
     0 | D:1      | 0 ||| qw: God list: Okawaru
     0 | D:1      | 0 ||| qw: Allow faded altars: false
     0 | D:1      | 0 ||| qw: Do Orc after D:15 true
     0 | D:1      | 0 ||| qw: Do second Lair branch before Depths: true
     0 | D:1      | 0 ||| qw: Lair rune preference: random
     0 | D:1      | 0 ||| qw: Plans: Normal, Zot:1-4, Slime:5, God:TSO, Crypt,
                  | Tomb, Pan, Hells, Abyss, Win
     0 | D:1      | 0 ||| PLANNING D:1-11
    82 | D:1      | Found Ogipi's General Store.
   100 | D:1      | 100 ||| SHOPLISTING potion of curing (36 gold, have 7).
   100 | D:1      | 100 ||| SHOPLISTING scroll of identify (24 gold, have 7).
   290 | D:1      | Reached XP level 2. HP: 19/19 MP: 2/2
   379 | D:1      | 379 ||| Stepping ~*~*~tactically~*~*~ (stealth).
   732 | D:1      | 732 ||| READING scroll labelled FEYNEA OHIDUI.
   833 | D:1      | 833 ||| READING scroll labelled FUHYAP TOKKYO.
   834 | D:1      | 834 ||| READING scroll labelled YFERPH UWKU.
   835 | D:1      | 835 ||| READING scroll labelled UFO JOPSOECK.
   835 | D:1      | Identified a scroll of acquirement
   835 | D:1      | 835 ||| ACQUIRING +3 warlock's mirror {omnireflect}
   835 | D:1      | Acquired the +3 warlock's mirror {omnireflect}
   835 | D:1      | Found the +3 warlock's mirror {omnireflect}
   837 | D:1      | 837 ||| UPGRADING to +3 warlock's mirror {omnireflect}.
   847 | D:1      | 847 ||| DROPPING +0 buckler.
  1087 | D:2      | Reached skill level 3 in Axes
  1290 | D:2      | Found a faded altar of an unknown god.
  1320 | D:2      | Reached XP level 3. HP: 23/23 MP: 3/3
  1724 | D:2      | 1724 ||| UPGRADING to ring of protection from cold.
  1725 | D:2      | 1725 ||| READING scroll labelled JEUTEA JARRA.
  1726 | D:2      | 1726 ||| DRINKING 3 coppery potions.
  1727 | D:2      | 1727 ||| DRINKING 2 clear potions.
  1976 | D:3      | 1976 ||| Stepping ~*~*~tactically~*~*~ (stealth).
  2105 | D:3      | Reached XP level 4. HP: 26/28 MP: 4/4
  2113 | D:3      | 2113 ||| DROPPING +0 club.
  2127 | D:3      | Noticed an ogre
  2136 | D:3      | Killed an ogre
  2137 | D:3      | Reached XP level 5. HP: 32/32 MP: 5/5
  2249 | D:3      | 2249 ||| UPGRADING to +2 kite shield.
  2259 | D:3      | 2259 ||| DROPPING +3 warlock's mirror {omnireflect}.
  2260 | D:3      | 2260 ||| READING scroll labelled CAEVIOPPUS.
  2261 | D:3      | 2261 ||| READING scroll labelled MINOCE BAFFEH.
  2448 | D:4      | Noticed a black bear
  2449 | D:4      | 2449 ||| Stepping ~*~*~tactically~*~*~ (stealth).
  2468 | D:4      | Killed a black bear
  2469 | D:4      | Reached XP level 6. HP: 16/37 MP: 6/6
  2613 | D:4      | Found a staircase to the Ecumenical Temple.
  2614 | D:4      | 2614 ||| PLANNING TEMPLE
  2614 | D:4      | 2614 ||| READING scroll labelled FOX MARASA.
  2617 | D:4      | 2617 ||| READING scroll labelled XUDAAZ EGYANT.
  2630 | Temple   | Entered the Ecumenical Temple
  2630 | Temple   | Found a transporter.
  2630 | Temple   | Found a transporter.
  2632 | Temple   | Found a transporter.
  2632 | Temple   | Found a transporter.
  2642 | Temple   | 2642 ||| PLANNING D:1-11
  2686 | D:4      | Identified the +0 pair of gloves "Tuegez" {rC+ Str+2}
  2859 | D:4      | You fall into a shaft and drop 1 floor!
  2859 | D:5      | Entered Level 5 of the Dungeon
  2894 | D:5      | Slain by an ogre

Levels and vault maps discovered:
D:1:      reono_arrival_mine, layout_loops_ring, serial_shops, shop
D:2:      layout_loops_corners, dreamdust_ecumenical_altar_drowned_temple
D:3:      layout_basic, minmay_quadrilaterals
D:4:      layout_loops_ring, nicolae_qazlal_general_emergency,
          minmay_temple_entry_drinking_statues
D:5:      layout_cave_pods, hellmonk_okawaru_the_only_friend_you_need
Temple:   hellmonk_temple_divided_pantheon

Skill      XL: |  1  2  3  4  5  6 |
---------------+-------------------+-----
Axes           | 2 3 4 5 |  5.3
Shields        | 5 |  5.0
Fighting       | |  3.7
Armour         | |  3.2

Action                     |  1- 3 |  4- 6 || total
---------------------------+-------+-------++-------
  Melee: War axe           |   123 |    62 ||   185
  Throw: Boomerang         |    11 |    17 ||    28
    Use: Scroll            |     5 |     4 ||     9
         Potion            |     2 |       ||     2
 Armour: Scale mail        |    66 |    19 ||    85
  Dodge: Dodged            |    42 |    21 ||    63
  Block: Buckler           |    36 |     2 ||    38
         Kite shield       |       |    23 ||    23

Table legend:
 A = Non-vault XP
 B = Vault XP
 C = Vault XP percentage of total XP
 D = Non-vault monster count
 E = Vault monster count
 F = Vault count percentage of total count
                 A         B        C        D         E       F
            +---------+---------+-------+---------+---------+-------
      Total |     534 |      24 |   4.3 |      45 |       6 |  11.8
            +---------+---------+-------+---------+---------+-------
        D:1 |      21 |       0 |   0.0 |      13 |       0 |   0.0
        D:2 |      30 |       1 |   3.2 |      12 |       1 |   7.7
        D:3 |     135 |      23 |  14.6 |       5 |       5 |  50.0
        D:4 |     345 |       0 |   0.0 |      14 |       0 |   0.0
        D:5 |       3 |       0 |   0.0 |       1 |       0 |   0.0
            +---------+---------+-------+---------+---------+-------
